Unix NetHack Version 3.7.0-59 Work-in-progress - last build Jun 11 2022 02:05:43 (957820c7457cdd9d3e79a92e84ff2cda0ad81c79,branch:master). Game began 2022-06-11 17:10:44, ended 2022-06-11 17:17:19. spontiff, neutral male gnomish Healer ----- ---------- |...| --------- |>.......| |{.>| ----- .?+??+??| |.........## ##-...|######....| #-.?? |........| # # --.--# |...| --------------- #### -|-----.-- ############0### |.|.| |.......x.....| # ######0## # # #-....## |.......d.....| # ####### # # #|...|## |......@r......## # #### #0# #|...|# |.......r.....| ###### ########### ##-----# +.............| # # ### ## ### --------------- ------|--# -.-.- # ---- |.......|# |...| # |$.| |.......|# |...| # |..| |.......|# |....## ---- |....<..-# |...| ----.---- ----- # Spontiff the Rhizotomist St:9 Dx:8 Co:17 In:9 Wi:15 Ch:17 Neutral S:100 Dlvl:2 $:0 HP:0(20) Pw:0(5) AC:7 Xp:1/0 T:738 Hungry Latest messages: $ - 317 gold pieces. $ - 172 gold pieces. What do you want to drop? [$cg-ln-tyzSW or ?*] $ You drop 2505 gold pieces. You feel full of energy. A guard suddenly appears next to you! Suddenly one of the Vault's guards enters! You stop searching. "Hello stranger, who are you?" - spontiff "I don't know you." "Please follow me." What do you want to call this dungeon level? vault Suddenly, the guard disappears. The corridor disappears. The sewer rat misses! You see here a food ration. n - a food ration. The sewer rat bites! You hear some noises in the distance. You see here 2 violet gems. A bear trap closes on your foot! w - 2 violet gems. The sewer rat bites! You are caught in a bear trap. The sewer rat bites! The jackal bites! You are beginning to feel hungry. In what direction? . You feel better. The sewer rat bites! The jackal bites! You are caught in a bear trap. The sewer rat bites! The sewer rat misses! The jackal bites! You are caught in a bear trap. The sewer rat bites! The sewer rat bites! The jackal bites! You are caught in a bear trap. The sewer rat bites! The sewer rat bites! The jackal bites! You are caught in a bear trap. The sewer rat bites! The sewer rat bites! The jackal bites! You die... Do you want your possessions identified? [ynq] (y) y Do you want to see the dungeon overview? [ynq] (y) y Major events: Turn 1: spontiff the neutral male gnomish Healer entered the dungeon 548: entered the Gnomish Mines 738: killed by a jackal Inventory: Weapons W - 8 cursed +0 darts k - an uncursed +0 scalpel (alternate weapon; not wielded) p - an uncursed +0 flail Armor h - an uncursed +0 orcish helm (being worn) g - an uncursed +1 pair of leather gloves (being worn) Comestibles y - 6 uncursed apples n - 2 uncursed food rations Scrolls l - an uncursed scroll of food detection t - an uncursed scroll of gold detection Spellbooks i - a blessed spellbook of extra healing q - a blessed spellbook of healing j - a blessed spellbook of stone to flesh Potions c - 4 uncursed potions of extra healing o - a blessed potion of fruit juice r - an uncursed potion of sickness Wands S - an uncursed wand of sleep (0:8) Tools z - an uncursed leash s - an uncursed stethoscope Gems/Stones w - 2 cursed worthless pieces of violet glass Spontiff the Healer's attributes: Background: You were a Rhizotomist, a level 1 male gnomish Healer. You were neutral, on a mission for Hermes who was opposed by Athena (lawful) and Poseidon (chaotic). You were in the Dungeons of Doom, on level 2. You entered the dungeon 738 turns ago. You had 0 experience points, 20 were needed to attain level 2. Your score was 100 before end-of-game adjustments. Basics: You had 0 out of 20 hit points. You had 0 out of 5 energy points (spell power). Your armor class was 7. Your wallet was empty. Autopickup was on for '$!/="?' plus thrown, with exceptions. Final Characteristics: Your strength was 9 (limit:18/50). Your dexterity was 8 (base:9, limit:18). Your constitution was 17 (limit:18). Your intelligence was 9 (limit:19). Your wisdom was 15 (limit:18). Your charisma was 17 (limit:18). Final Status: You were trapped in a bear trap. You had a wounded right leg. You were hungry. You were unencumbered. You were empty handed. You were unskilled in bare handed combat. Final Attributes: You were fervently aligned. You were poison resistant. You had infravision. You are dead. Miscellaneous: You never encountered a bones level. Total elapsed playing time was 6 minutes and 35 seconds. Vanquished creatures: a jackal a goblin a grid bug a lichen 2 newts 6 creatures vanquished. No species were genocided or became extinct. Voluntary challenges: You went without food. You never hit with a wielded weapon. You were a pacifist. You were illiterate. You never engraved Elbereth. You never genocided any monsters. You never polymorphed an object. You never changed form. You used no wishes. Achievement: You entered the Gnomish Mines. The Dungeons of Doom: levels 1 to 3 Level 1: Level 2: "vault" <- You were here. A fountain, a grave. Stairs down to The Gnomish Mines. Final resting place for you, killed by a jackal. Level 3: The Gnomish Mines: Level 3: Game over: ---------- / \ / REST \ / IN \ / PEACE \ / \ | spontiff | | 0 Au | | killed by a | | jackal | | | | | | 2022 | *| * * * | * _________)/\\_//(\/(/\)/\//\/|_)_______ Goodbye spontiff the Healer... You died in The Dungeons of Doom on dungeon level 2 with 100 points, and 0 pieces of gold, after 738 moves. You were level 1 with a maximum of 20 hit points when you died.